 Dungeon Crawl Stone Soup version 0.21-a0-193-g085b6a0 (webtiles) character file.

7220 qqqbard the Blocker (level 11, -3/67 HPs)
             Began as a Gargoyle Fighter on Aug 14, 2017.
             Was a Believer of the Shining One.
             Slain by a troll (6 damage)
             ... summoned by an orange crystal statue
             ... on level 9 of the Dungeon.
             The game lasted 00:14:02 (8146 turns).

qqqbard the Blocker (Gargoyle Fighter)              Turns: 8146, Time: 00:14:02

Health: -3/67      AC: 16    Str: 22      XL:     11   Next: 11%
Magic:  2/11       EV:  8    Int: 13 (15) God:    the Shining One [**....]
Gold:   548        SH:  0    Dex:  6 (9)  Spells: 10/10 levels left

rFire    . . .     SeeInvis .   a - +0 flail
rCold    . . .     Gourm    .   g - +0 large shield
rNeg     + + +     Faith    .   b - +0 scale mail
rPois    ∞         Spirit   .   (no helmet)
rElec    +         Reflect  .   L - +0 cloak
rCorr    .         Harm     .   (no gloves)
MR       .....                  (no boots)
Stlth    ..........             (no amulet)
HPRegen  0.21/turn              E - ring of positive energy
MPRegen  0.12/turn              C - +5 ring of intelligence

@: confused, glowing
A: negative energy resistance 1, electricity resistance, unbreathing,
petrification resistance, rot immunity, AC +7
a: Divine Shield, Renounce Religion


You were on level 9 of the Dungeon.
You worshipped the Shining One.
The Shining One was pleased with you.
You were not hungry.

You visited 2 branches of the dungeon, and saw 10 of its levels.

You collected 548 gold pieces.

Inventory:

Hand Weapons
 a - a +0 flail (weapon)
Armour
 b - a +0 scale mail (worn)
 c - a +0 shield
 g - a +0 large shield (worn)
 L - a +0 cloak (worn)
Jewellery
 e - an uncursed ring of ice
 C - a +5 ring of intelligence (right hand)
 E - a ring of positive energy (left hand)
Wands
 B - a wand of paralysis (10/24)
 P - a wand of disintegration (10/24)
Scrolls
 h - 2 scrolls of blinking {unknown}
 i - 3 scrolls of amnesia {unknown}
 k - 10 scrolls of identify {unknown}
 m - 5 scrolls of remove curse {unknown}
 n - 3 scrolls of fog {unknown}
 q - a scroll of noise {unknown}
 r - 6 scrolls of enchant weapon {unknown}
 s - 2 scrolls of enchant armour {unknown}
 t - a scroll of fear {unknown}
 u - a scroll of random uselessness {unknown}
 v - 2 scrolls of immolation {unknown}
 x - 4 scrolls of teleportation {unknown}
 y - 3 scrolls of magic mapping {unknown}
 O - 3 scrolls of acquirement {unknown}
Potions
 d - 2 potions of might
 o - 2 potions of brilliance
 w - a potion of lignification {unknown}
 A - 2 potions of curing {unknown}
 D - 2 potions of resistance {unknown}
 F - 2 potions of degeneration {unknown}
 G - a potion of berserk rage
 H - a potion of haste {unknown}
 I - a potion of magic {unknown}
 J - a potion of agility {unknown}
Books
 z - a book of Minor Magic

   Spells                             Type                      Level
   a - Magic Dart                     Conjuration                  1
   b - Blink                          Translocation                2
   c - Call Imp                       Summoning                    2
   d - Slow                           Hexes                        2
   e - Conjure Flame                  Conjuration/Fire             3
   f - Mephitic Cloud                 Conjuration/Poison/Air       3
 M - a Young Poisoner's Handbook

   Spells                             Type                      Level
   a - Sting                          Conjuration/Poison           1
   b - Poisonous Vapours              Poison/Air                   2
   c - Mephitic Cloud                 Conjuration/Poison/Air       3
   d - Olgreb's Toxic Radiance        Poison                       4
   e - Venom Bolt                     Conjuration/Poison           5
Comestibles
 f - 10 bread rations
 j - 4 meat rations
 l - 7 royal jellies
 p - 9 fruits
 K - 6 chunks of flesh


   Skills:
 + Level 7.5 Fighting
 * Level 9.2 Maces & Flails
 + Level 7.9 Armour
 + Level 5.5 Dodging
 * Level 10.2 Shields


You had 10 spell levels left.
You didn't know any spells.

Dungeon Overview and Level Annotations

Branches:
Dungeon (9/15)             Temple (1/1) D:6
   Lair: D:8-11         Orc: D:9-12

Altars:
Ashenzari
Cheibriados
Dithmenos
Elyvilon
Fedhas
Gozag
Hepliaklqana
Kikubaaqudgha
Makhleb
Nemelex Xobeh
Okawaru
Qazlal
Ru
Sif Muna
Trog
Uskayaw
Vehumet
Wu Jian
Xom
Yredelemnul
Zin
The Shining One

Shops:
D:4 %   D:5 :[*!

Annotations:
D:9 exclusion: orange crystal statue


Innate Abilities, Weirdness & Mutations

You are resistant to torment.
Your stone body is resilient. (AC +7)
You are immune to poison.
You resist negative energy. (rN+)
You are resistant to electric shocks. (rElec)
You can survive without breathing.
You are immune to petrification.
You are immune to rotting.


Message History

The troll barely misses you.
The crimson imp blinks!
The iguana bites you but does no damage.
You bump into the rock wall.
The troll barely misses you. x2
The troll claws you!
* * * LOW HITPOINT WARNING * * *
The crimson imp blinks!
The hound completely misses you. The iguana barely misses you.
You bump into the rock wall.
The troll bites you! The Shining One protects you from harm!
The troll barely misses you. The troll claws you!
* * * LOW HITPOINT WARNING * * *
The hound bites you but does no damage. The iguana bites you!
The Shining One protects you from harm!
You're too confused!
You hit the troll.
The troll is lightly wounded.
The hound bites you but does no damage. The troll bites you.
The Shining One protects you from harm! The troll claws you but does no damage.
The troll claws you.
You die...

##.# ##...h.....#
##.# #..#8#8#...#
#.# #.#8...8#..#
#.######.8..)..8..#
#......((#.[8)....#
#######..8..(..8..#
#?.#8...8#o#
#...#8#8#lT#
#....§..h@##
##...###### #####


You could see an orange crystal statue, a troll, an iguana, a hound and an orc.

Vanquished Creatures
  3 two-headed ogres (D:9)
  Pikel (D:7)
  A hippogriff (D:7)
  The ghost of qqqbard the Covered, an amateur GrFi of the Shining One (D:4)
  A spriggan (D:8)
  Sigmund (D:4)
  A hungry ghost (D:9)
  Menkaure (D:7)
  Duvessa (D:4)
  2 sky beasts
  An orc warrior (D:9)
  A slave (D:7)
  A necrophage (D:5)
  3 phantoms
  An ice beast (D:7)
  4 ogres
  4 eyes of draining
  4 centaurs
  2 crocodiles
  7 bullfrogs
  A wyvern zombie (D:8)
  Dowan (D:4)
  2 scorpions (D:7)
  3 killer bees (D:9)
  5 howler monkeys
  A quasit (D:9)
  6 crimson imps
  A jelly (D:5)
  3 bullfrog skeletons
  5 hounds
  Crazy Yiuf (D:7)
  An orc priest (D:8)
  A centaur skeleton (D:4)
  An orc wizard (D:8)
  Ijyb (D:4)
  3 iguanas
  3 worker ants
  A hound skeleton (D:5)
  2 worker ant zombies
  6 gnolls
  2 howler monkey skeletons
  7 adders
  A shadow imp (D:7)
  2 worms
  3 dart slugs
  9 leopard geckos
  7 orcs
  4 ball pythons
  A giant cockroach (D:1)
  4 goblins
  6 hobgoblins
  4 jackals (D:5)
  A quokka (D:4)
  4 bats
  7 frilled lizards
  A jackal skeleton (D:4)
  2 kobolds (D:2)
  A quokka zombie (D:8)
  2 rats (D:3)
157 creatures vanquished.

Vanquished Creatures (others)
  2 slaves (D:7)
  A black bear (D:7)
  A hound (D:7)
  A worker ant (D:7)
  A leopard gecko (D:7)
  3 fungi (D:5)
  A plant (D:8)
10 creatures vanquished.

Grand Total: 167 creatures vanquished

Notes
Turn   | Place    | Note
-------+----------+-------------------------------------------
     0 | D:1      | qqqbard the Gargoyle Fighter began the quest for the Orb.
     0 | D:1      | Reached XP level 1. HP: 14/14 MP: 1/1
   203 | D:1      | Reached XP level 2. HP: 11/19 MP: 2/2
   838 | D:2      | Reached XP level 3. HP: 16/23 MP: 3/3
  1278 | D:2      | Reached skill level 1 in Dodging
  1601 | D:3      | Found a radiant altar of Vehumet.
  1602 | D:3      | Found a white marble altar of Elyvilon.
  1606 | D:3      | Reached XP level 4. HP: 28/28 MP: 4/4
  2171 | D:4      | Noticed Sigmund
  2207 | D:4      | Killed Sigmund
  2207 | D:4      | Reached skill level 4 in Shields
  2207 | D:4      | Reached XP level 5. HP: 16/33 MP: 5/5
  2580 | D:4      | Noticed Duvessa
  2580 | D:4      | Noticed Dowan
  2596 | D:4      | Killed Duvessa
  2596 | D:4      | Reached XP level 6. HP: 21/38 MP: 6/6
  2648 | D:4      | Killed Dowan
  2880 | D:4      | Noticed qqqbard's ghost (amateur GrFi)
  3060 | D:4      | Killed qqqbard's ghost
  3060 | D:4      | Reached skill level 5 in Shields
  3060 | D:4      | Reached XP level 7. HP: 20/44 MP: 7/7
  3374 | D:4      | Found Niciluig's Food Shoppe.
  3444 | D:4      | Noticed Ijyb
  3452 | D:4      | Killed Ijyb
  3782 | D:5      | Entered Level 5 of the Dungeon
  3828 | D:5      | Found Osuajix's Distillery.
  3864 | D:5      | Found Baxuash's Assorted Antiques.
  3964 | D:5      | Found Qecuwk's Book Shoppe.
  4022 | D:5      | Reached skill level 5 in Maces & Flails
  4022 | D:5      | Reached skill level 6 in Shields
  4186 | D:5      | Reached XP level 8. HP: 48/48 MP: 8/8
  4223 | D:5      | Found Vyleg's Antique Armour Shop.
  4501 | D:6      | Found a staircase to the Ecumenical Temple.
  4507 | Temple   | Entered the Ecumenical Temple
  4526 | Temple   | Became a worshipper of the Shining One
  4819 | D:6      | Reached skill level 5 in Fighting
  4855 | D:6      | Reached skill level 5 in Armour
  5089 | D:6      | Found a basalt altar of Yredelemnul.
  5227 | D:6      | Reached skill level 7 in Shields
  5292 | D:6      | Found a sacrificial altar of Ru.
  5403 | D:7      | Found an ornate altar of the Wu Jian Council.
  5403 | D:7      | Found a shadowy altar of Dithmenos.
  5421 | D:7      | Noticed Pikel
  5433 | D:7      | Killed Pikel
  5433 | D:7      | Reached XP level 9. HP: 55/55 MP: 9/9
  5527 | D:7      | Reached skill level 8 in Shields
  5729 | D:7      | Noticed Menkaure
  5729 | D:7      | Reached * piety under the Shining One
  5738 | D:7      | Killed Menkaure
  6158 | D:7      | Found a runed door.
  6404 | D:7      | Noticed Crazy Yiuf
  6409 | D:7      | Killed Crazy Yiuf
  6639 | D:8      | Reached XP level 10. HP: 49/61 MP: 10/10
  6674 | D:8      | Found a shattered altar of Ashenzari.
  6874 | D:8      | Reached skill level 9 in Shields
  7054 | D:9      | Reached ** piety under the Shining One
  7161 | D:9      | Found a bloodstained altar of Trog.
  7161 | D:9      | Noticed a two-headed ogre
  7182 | D:9      | Killed a two-headed ogre
  7251 | D:9      | Reached skill level 5 in Dodging
  7398 | D:9      | Noticed an orange crystal statue
  7601 | D:9      | Noticed a two-headed ogre
  7613 | D:9      | Killed a two-headed ogre
  7929 | D:9      | Reached XP level 11. HP: 54/67 MP: 11/11
  7935 | D:9      | Reached skill level 10 in Shields
  7978 | D:9      | Noticed a two-headed ogre
  7980 | D:9      | Found an iron altar of Okawaru.
  7991 | D:9      | Killed a two-headed ogre
  8123 | D:9      | Noticed a two-headed ogre
  8145 | D:9      | The Shining One protects you from harm!
  8145 | D:9      | HP: 3/67 [troll[an orange crystal statue] (7)]
  8145 | D:9      | The Shining One protects you from harm!
  8146 | D:9      | The Shining One protects you from harm!
  8146 | D:9      | Slain by a troll

Vault maps used:
D:1:      kennysheep_arrival_seaside, minmay_tetromino_i2
D:2:      kb_forest_paths, first_bread
D:3:      chequers_temple_overflow_statue_of_worship
D:4:      serial_shops, nicolae_shop_behind_doors, grunt_ministairs_2,
          uniq_duvessa, uniq_ijyb, uniq_sigmund
D:5:      serial_shops, shop, nicolae_shop_competitors_out_of_business, shop,
          nicolae_shop_stone, serial_aquarium, aquarium_bridge_square,
          aquarium_window_1, aquarium_window_1, aquarium_view_2c,
          aquarium_pool_2, st_stairs_7
D:6:      lemuel_coloured_pillars_altar, kennysheep_little_box,
          minmay_temple_entry_hall
D:7:      gammafunk_temple_overflow_elements, uniq_menkaure, uniq_pikel,
          uniq_crazy_yiuf_cottage
D:8:      ashenzari_conservatory_becter, the_bakery, minmay_lizard_king
D:9:      trog_eyes_of_draining, basic_altar, minmay_statue_bubble
Temple:   eino_temple_water

Skill      XL: |  1  2  3  4  5  6  7  8  9 10 11 |
---------------+----------------------------------+-----
Dodging        | 1 2 3 4 5 |  5.5
Maces & Flails | 3 4 5 6 7 8 9 |  9.2
Fighting       | 4 5 6 7 |  7.5
Armour         | 4 5 6 7 |  7.9
Shields        | 4 5 6 7 8 9 10 | 10.2

Action                   |  1- 3 |  4- 6 |  7- 9 | 10-12 || total
-------------------------+-------+-------+-------+-------++-------
Melee: Flail             |   140 |   111 |   421 |   305 ||   977
  Use: Potion            |       |     6 |       |     1 ||     7
  Eat: Chunk             |     3 |     4 |    13 |     7 ||    27
Armor: Scale mail        |    66 |    58 |   160 |   118 ||   402
Dodge: Dodged            |    21 |    20 |    88 |    85 ||   214
Block: Large shield      |    98 |    90 |   361 |   261 ||   810
